 Dungeon Crawl Stone Soup version 0.29.0-4-gdea44cf6ec (webtiles) character file.

Game seed: 7287786100503418407

34 qw the Chopper (level 3, 0/21 HPs)
             Began as a Tengu Warper on Aug 28, 2022.
             Succumbed to their own poison gas
             ... on level 1 of the Dungeon.
             The game lasted 00:00:05 (934 turns).

qw the Chopper (Tengu Warper)                        Turns: 934, Time: 00:00:06

Health: 0/21       AC:  4    Str: 13    XL:     3   Next: 31%
Magic:  7/7        EV: 12    Int: 13    God:
Gold:   38         SH:  0    Dex: 13    Spells: 6/6 levels left

rFire   . . .      SeeInvis .   Y - +0 hand axe
rCold   . . .      Faith    .   (no shield)
rNeg    . . .      Spirit   .   b - +0 leather armour
rPois   .          Reflect  .   (helmet restricted)
rElec   .          Harm     .   j - +0 cloak
rCorr   .          Rampage  .   (no gloves)
Will    .....                   (boots unavailable)
Stlth   +.........              (no amulet)
HPRegen 0.07/turn               (no ring)
MPRegen 0.10/turn               (no ring)

@: lethally poisoned (0 -> -4)
A: beak, talons 3
a: no special abilities


You were on level 1 of the Dungeon.
You visited 1 branch of the dungeon, and saw 1 of its levels.

You collected 38 gold pieces.


Innate Abilities, Weirdness & Mutations

You have a beak for a mouth.
You have claws for feet.


   Skills:
 - Level 2.0 Fighting
 + Level 4.0 Axes
 - Level 1.0 Throwing
 - Level 1.1 Armour
 - Level 2.1 Dodging
 - Level 2.0 Spellcasting
 - Level 2.4 Translocations


You had 6 spell levels left.
You didn't know any spells.
Your spell library contained the following spells:

 Spells                   Type           Power      Damage    Failure   Level
 Blink                    Tloc           14%        N/A       19%         2
 Gell's Gravitas          Tloc           7%         N/A       36%         3
 Lesser Beckoning         Tloc           7%         N/A       36%         3
 Teleport Other           Tloc           7%         N/A       36%         3
 Manifold Assault         Tloc           7%         N/A       98%         5

Inventory:

Hand Weapons
 e - a +0 whip of venom
 Y - a +0 hand axe (weapon)
Missiles
 k - 2 javelins (quivered)
Armour
 b - a +0 leather armour (worn)
 j - a +0 cloak (worn)
Scrolls
 a - a scroll of identify
Potions
 g - a potion of attraction {unknown}
 h - a potion of cancellation {unknown}
 i - a potion of resistance {unknown}

Dungeon Overview and Level Annotations

Branches:
Dungeon (1/15)

Altars:


Message History

You finish putting on your +0 cloak.
Done exploring.
924 ||| READING 2 scrolls labelled MOTECI CAMEOME.
As you read the scroll labelled MOTECI CAMEOME, it crumbles to dust.
It is a scroll of identify.
Really abort (and waste the scroll)?
Done exploring.
925 ||| READING scroll labelled NUFUMA GUARE.
As you read the scroll labelled NUFUMA GUARE, it crumbles to dust.
It is a scroll of amnesia.
You feel forgetful for a moment.
Done exploring.
926 ||| READING scroll labelled WEIBUNUYDD.
The air fills with toxic fumes!
As you read the scroll labelled WEIBUNUYDD, it crumbles to dust.
It was a scroll of poison.
Done exploring.
927 ||| DROPPING scroll of blinking.
You drop a scroll of blinking.
Done exploring.
(D) Dungeon
Where to? (* - list waypoints, ? - help)
What level of the Dungeon? (default 1, ? - help) Sorry, I don't know how to get there.
Done exploring.
928 ||| Stepping randomly (stuck).
Really walk into that cloud of poison gas?
You are engulfed in poison gas.
You are poisoned.
You feel very sick.
929 ||| Stepping ~*~*~tactically~*~*~ (cloud).
You feel very sick.
You see here a scroll of blinking.
There is a lethal amount of poison in your body!
You feel sick.
There is a lethal amount of poison in your body!
You feel sick.
There is a lethal amount of poison in your body!
You feel sick.
There is a lethal amount of poison in your body!
You feel sick.
There is a lethal amount of poison in your body!
You die...

#.##..............
#.##..............
#¤##............##
#0##............#.
#¤##........#...#.
#¤###.......#...#.
#0###.......#...#.
#¤##........#####.
#@##.....##.#.....
#¤##...##%..#.....
#0##...+..#.#.....
#0##...+#+#.......
#¤####.......#####
#¤# #........#}...
#¤# #........#}...
#0# #........###..
#.######.##.># #..


There were no monsters in sight!

Vanquished Creatures
  A gnoll (D:1)
  A ball python (D:1)
  2 bats (D:1)
  2 endoplasms (D:1)
  3 giant cockroaches (D:1)
  2 goblins (D:1)
  2 hobgoblins (D:1)
  A quokka (D:1)
  A frilled lizard (D:1)
  4 kobolds (D:1)
  2 rats (D:1)
21 creatures vanquished.

Notes
Turn   | Place    | Note
-------+----------+-------------------------------------------
     0 | D:1      | qw the Tengu Warper began the quest for the Orb.
     0 | D:1      | Reached XP level 1. HP: 12/12 MP: 4/4
     0 | D:1      | 0 ||| qw: Version: 0.1-a-89-g26bdef1
     0 | D:1      | 0 ||| qw: Game counter: 2393
     0 | D:1      | 0 ||| qw: Always use a shield: true
     0 | D:1      | 0 ||| qw: God list: Okawaru
     0 | D:1      | 0 ||| qw: Allow faded altars: false
     0 | D:1      | 0 ||| qw: Do Orc after D:15 true
     0 | D:1      | 0 ||| qw: Do second Lair branch before Depths: true
     0 | D:1      | 0 ||| qw: Lair rune preference: random
     0 | D:1      | 0 ||| qw: Plans: Normal
     0 | D:1      | 0 ||| PLANNING D:1-11
    24 | D:1      | 24 ||| Stepping ~*~*~tactically~*~*~ (stealth).
    33 | D:1      | Reached skill level 3 in Axes
    33 | D:1      | Reached XP level 2. HP: 13/17 MP: 6/6
   625 | D:1      | Found a faded altar of an unknown god.
   714 | D:1      | Reached XP level 3. HP: 20/21 MP: 7/7
   757 | D:1      | 757 ||| Stepping ~*~*~tactically~*~*~ (stealth).
   758 | D:1      | 758 ||| Stepping ~*~*~tactically~*~*~ (stealth).
   789 | D:1      | Reached skill level 4 in Axes
   919 | D:1      | 919 ||| UPGRADING to +0 cloak.
   924 | D:1      | 924 ||| READING 2 scrolls labelled MOTECI CAMEOME.
   925 | D:1      | 925 ||| READING scroll labelled NUFUMA GUARE.
   926 | D:1      | 926 ||| READING scroll labelled WEIBUNUYDD.
   927 | D:1      | 927 ||| DROPPING scroll of blinking.
   928 | D:1      | 928 ||| Stepping randomly (stuck).
   929 | D:1      | 929 ||| Stepping ~*~*~tactically~*~*~ (cloud).
   930 | D:1      | HP: 4/21 [poisoned by you (poison gas)]
   932 | D:1      | HP: 1/21 [poisoned by you (poison gas)]
   934 | D:1      | Succumbed to their own poison gas

Levels and vault maps discovered:
D:1:      beargit_arrival_diablo_church, layout_basic,
          shapermc_ecumenical_altar_mp_ritualfount, minmay_tetromino_o4

Skill      XL: |  1  2  3 |
---------------+----------+-----
Axes           | 3 4 |  4.0
Fighting       | |  2.0
Throwing       | |  1.0
Armour         | |  1.1
Dodging        | |  2.1
Spellcasting   | |  2.0
Translocations | |  2.4

Action                   || total
-------------------------++-------
Melee: Hand axe          ||    48
       Kick              ||     9
       Peck              ||     5
Throw: Boomerang         ||     7
       Javelin           ||     1
  Use: Scroll            ||     3
Armor: Leather armour    ||     9
Dodge: Dodged            ||    34

Table legend:
 A = Non-vault XP
 B = Vault XP
 C = Vault XP percentage of total XP
 D = Non-vault monster count
 E = Vault monster count
 F = Vault count percentage of total count
                 A         B        C        D         E       F
            +---------+---------+-------+---------+---------+-------
      Total |      44 |       5 |  10.2 |      18 |       3 |  14.3
            +---------+---------+-------+---------+---------+-------
        D:1 |      44 |       5 |  10.2 |      18 |       3 |  14.3
            +---------+---------+-------+---------+---------+-------
